 Dungeon Crawl Stone Soup version 0.29-a0-270-g1586fc07ea (webtiles) character file.

Game seed: 1710005553110938315

23 skittles the Bolt Thrower (level 2, 0/25 HPs)
             Began as a Minotaur Hunter on Mar 8, 2022.
             Succumbed to a goblin's poison
             ... on level 1 of the Dungeon.
             The game lasted 00:02:25 (970 turns).

skittles the Bolt Thrower (Minotaur Hunter)          Turns: 970, Time: 00:02:25

Health: 0/25       AC:  3    Str: 16    XL:     2   Next: 75%
Magic:  10/10      EV: 11    Int:  8    God:
Gold:   54         SH:  0    Dex: 10    Spells: 1/1 levels left

rFire   . . .      SeeInvis .   a - +1 hand crossbow
rCold   . . .      Faith    .   (no shield)
rNeg    . . .      Spirit   .   b - +0 leather armour
rPois   .          Reflect  .   (helmet restricted)
rElec   .          Harm     .   (no cloak)
rCorr   .          Rampage  .   (no gloves)
Will    .....                   (no boots)
Stlth   +.........              (no amulet)
HPRegen 0.08/turn               f - ring of magical power
MPRegen 0.12/turn               (no ring)

@: lethally poisoned (0 -> -2)
A: horns 2, retaliatory headbutt
a: no special abilities


You were on level 1 of the Dungeon.
You visited 1 branch of the dungeon, and saw 1 of its levels.

You collected 54 gold pieces.

Inventory:

Hand Weapons
 a - a +1 hand crossbow (weapon)
 g - a +0 whip
Missiles
 h - 5 poisoned darts
Armour
 b - a +0 leather armour (worn)
Magical Staves
 i - a staff of conjuration
Jewellery
 f - a ring of magical power (left hand)
Scrolls
 c - 2 scrolls of immolation
 e - 2 scrolls of identify {unknown}


   Skills:
 - Level 2.4 Fighting
 * Level 5.3 Crossbows
 * Level 2.3 Dodging
 - Level 0.7 Stealth


You had one spell level left.
You didn't know any spells.
Your spell library was empty.

Dungeon Overview and Level Annotations

Branches:
Dungeon (1/15)

Altars:


Innate Abilities, Weirdness & Mutations

You have a pair of horns on your head.
You reflexively headbutt those who attack you in melee.


Message History

Aim: a goblin, wielding a +1 dagger of venom (55% to hit)
You shoot a bolt. The bolt barely misses the goblin.
You feel sick. The goblin closely misses you.
The goblin hits you with a +1 dagger of venom.
You are lethally poisoned!
Shoot: a) +1 hand crossbow
Press: ? - help, Q - select action, (/) - cycle Shift-Dir - straight line, f/p - goblin
Aim: a goblin, wielding a +1 dagger of venom (55% to hit)
You shoot a bolt. The bolt hits the goblin.
The goblin is severely wounded.
You feel very sick. The goblin barely misses you.
Shoot: a) +1 hand crossbow
Press: ? - help, Q - select action, (/) - cycle Shift-Dir - straight line, f/p - goblin
Aim: a goblin, wielding a +1 dagger of venom (severely wounded, 55% to hit)
You shoot a bolt. The bolt barely misses the goblin.
You feel very sick. The goblin barely misses you.
The goblin attacks as you move away! The goblin misses you.
* * * LOW HITPOINT WARNING * * *
You feel sick.
* * * LOW HITPOINT WARNING * * *
You feel sick.
* * * LOW HITPOINT WARNING * * *
You feel sick. The goblin attacks as you move away!
The goblin barely misses you.
* * * LOW HITPOINT WARNING * * *
You feel sick. The goblin attacks as you move away!
The goblin barely misses you. You furiously retaliate!
You headbutt the goblin.
You kill the goblin!
* * * LOW HITPOINT WARNING * * *
You feel sick.
* * * LOW HITPOINT WARNING * * *
You feel sick.
You aren't carrying any potions.
As you read the scroll labelled KOJ GAFIOWA, it crumbles to dust.
It is a scroll of amnesia.
You feel forgetful for a moment.
You die...

##########
#@..)....#
#.######.#
#.# .# #.#
.# #.# ..
#.# .. #.#
... #.#
... #.#
### #


There were no monsters in sight!

Vanquished Creatures
  2 bats (D:1)
  3 endoplasms (D:1)
  4 goblins (D:1)
  2 hobgoblins (D:1)
  3 kobolds (D:1)
  3 ball pythons (D:1)
  2 frilled lizards (D:1)
  A rat (D:1)
20 creatures vanquished.

Notes
Turn   | Place    | Note
-------+----------+-------------------------------------------
     0 | D:1      | skittles the Minotaur Hunter began the quest for the Orb.
     0 | D:1      | Reached XP level 1. HP: 18/18 MP: 0/0
    26 | D:1      | Found a faded altar of an unknown god.
   230 | D:1      | Reached XP level 2. HP: 25/25 MP: 1/1
   371 | D:1      | Reached skill level 5 in Crossbows
   969 | D:1      | HP: 1/25 [poisoned by a goblin]
   970 | D:1      | Succumbed to a goblin's poison

Illustrated notes

Levels and vault maps discovered:
D:1:      wander_arrival_lonely_grave, layout_basic,
          nicolae_ecumenical_snake_handling

Skill      XL: |  1  2 |
---------------+-------+-----
Crossbows      | 5 |  5.3
Fighting       | |  2.4
Dodging        | |  2.3
Stealth        | |  0.7

Action                   || total
-------------------------++-------
 Fire: Hand crossbow     ||    64
  Use: Scroll            ||     1
Armor: Leather armour    ||     6
Dodge: Dodged            ||    22

Table legend: (Time is in decaauts)
 A = Elapsed time spent in this place.
 B = Non-inter-level travel time spent in this place.
 C = Inter-level travel time spent in this place.
 D = Time resting spent in this place.
 E = Time spent auto-exploring this place.
 F = Levels seen in this place.
 G = Mean time per level.
                   A        B        C        D        E       F      G
               +--------+--------+--------+--------+--------+-----+--------+
         Total |    987 |    987 |      0 |    299 |    534 |   1 |  987.0 |
       Dungeon |    987 |    987 |      0 |    299 |    534 |   1 |  987.0 |
               +--------+--------+--------+--------+--------+-----+--------+

Top non-repeatable levels by time:
     D:1: 987 daAuts
